 Dungeon Crawl Stone Soup version 0.28-a0-1594-ga885d4b3d6 (webtiles) character file.

Game seed: 5284382767897545985

157 Pin the Skirmisher (level 5, -5/40 (47) HPs)
             Began as a Hill Orc Fighter on Jan 21, 2022.
             Was a Priest of Jiyva.
             Slain by sirJeffrey23's ghost (11 damage)
             ... on level 3 of the Dungeon.
             The game lasted 00:03:49 (2475 turns).

Pin the Skirmisher (Hill Orc Fighter)               Turns: 2475, Time: 00:03:49

HP:   -5/40 (47)    AC:  7    Str: 25    XL:     5   Next: 38%
MP:   5/5           EV:  9    Int:  8    God:    Jiyva [***...]
Gold: 86            SH:  5    Dex: 14    Spells: 4/4 levels left

rFire   . . .      SeeInvis .   a - +0 war axe
rCold   . . .      Faith    .   c - +0 buckler
rNeg    . . .      Spirit   .   b - +0 scale mail
rPois   .          Reflect  .   (no helmet)
rElec   .          Harm     .   (no cloak)
rCorr   +          Rampage  .   (no gloves)
Will    .....                   (no boots)
Stlth   ..........              (no amulet)
HPRegen 1.25/turn               (no ring)
MPRegen 0.44/turn               (no ring)

@: heavily drained
A: agile 2, strong 2
a: Renounce Religion, Oozemancy


You were on level 3 of the Dungeon.
You worshipped Jiyva.
Jiyva was most pleased with you.
You visited 1 branch of the dungeon, and saw 3 of its levels.

You collected 86 gold pieces.

Inventory:

Hand Weapons
 a - a +0 war axe (weapon)
Armour
 b - a +0 scale mail (worn)
 c - a +0 buckler (worn)
Wands
 l - a wand of flame (19)
Scrolls
 e - a scroll of teleportation {unknown}
 f - a scroll of torment {unknown}
 j - a scroll of vulnerability {unknown}
 k - a scroll of identify {unknown}
Potions
 d - a potion of might
 g - a potion of curing {unknown}
 h - a potion of lignification {unknown}
 i - a potion of degeneration {unknown}


   Skills:
 + Level 4.7 Fighting
 + Level 4.2 Axes
 + Level 4.3 Armour
 + Level 4.3 Shields


You had 4 spell levels left.
You didn't know any spells.
Your spell library was empty.

Dungeon Overview and Level Annotations

Branches:
Dungeon (3/15)

Altars:
Jiyva

Shops:
D:2 (**[*   D:3 (

Annotations:
D:3 sirJeffrey23's ghost, weakling HOMo


Innate Abilities, Weirdness & Mutations

You are very agile. (Dex +4)
Your muscles are very strong. (Str +4)


Message History

Found a stone staircase leading up.
There is a stone staircase leading up here.
Found an escape hatch in the ceiling.
No target in view!
Jiyva says: Divide and consume!
SirJeffrey23's ghost turns its malevolent gaze towards you.
You hear a distant slurping noise.
SirJeffrey23's ghost stares at you.
There is an escape hatch in the floor here.
There is a stone staircase leading up here.
Found a stone staircase leading down.
SirJeffrey23's ghost shrieks, "You will join me soon!"
Press: ? - help, v - describe, . - travel
Here: sirJeffrey23's ghost, wielding a weapon of draining (fire blocked by a runed translucent door)
The floor.
You open the door. You slash sirJeffrey23's ghost!
SirJeffrey23's ghost is moderately damaged.
SirJeffrey23's ghost barely misses you. SirJeffrey23's ghost hits you.
You feel drained.
You hit sirJeffrey23's ghost but do no damage.
SirJeffrey23's ghost is moderately damaged.
SirJeffrey23's ghost barely misses you.
You hit sirJeffrey23's ghost but do no damage.
SirJeffrey23's ghost is moderately damaged.
You block sirJeffrey23's ghost's attack.
You hit sirJeffrey23's ghost but do no damage.
SirJeffrey23's ghost is moderately damaged.
SirJeffrey23's ghost hits you!
You feel drained. SirJeffrey23's ghost hits you.
You feel drained.
You closely miss sirJeffrey23's ghost.
SirJeffrey23's ghost is moderately damaged.
SirJeffrey23's ghost hits you!
* * * LOW HITPOINT WARNING * * *
You feel drained.
* * * LOW HITPOINT WARNING * * *
You hit sirJeffrey23's ghost.
SirJeffrey23's ghost is heavily damaged.
SirJeffrey23's ghost hits you!
You die...

#..##........##⌠##...##
##.##.###..J##...##...#
#.##.# #..##.....##..#
#..#.# #.J#⌠.?♣!.⌠#..#
##.#.# #..##.....##..#
#^..# #..J##...##...#
##..###...J##.##...##
#..##..#...#W#...##
##......##....@..##
###..>###.###......##
.##.### #.# ##......#
.##.# #.#########.#
....# #....# #.## .####
###...## #..##########
..8# #8....8#
##..........# ...##
##...J.## #....#.....#
....###...J.##
#...#......#


You could see sirJeffrey23's ghost, 3 neutral jellies(fellow slime) and a
neutral endoplasm (wandering)(fellow slime).

Vanquished Creatures
  Natasha (twice) (D:3)
  4 gnolls (D:3)
  An adder (D:3)
  A white imp (D:3)
  A worm (D:2)
  A dart slug (D:1)
  4 giant cockroaches
  7 goblins
  5 hobgoblins
  4 jackals (D:1)
  6 ball pythons
  5 bats
  A frilled lizard (D:1)
  4 kobolds
  4 rats
50 creatures vanquished.

Vanquished Creatures (others)
  Jessica (D:3)
  Natasha (D:3)
  An adder (D:2)
  2 bats (D:2)
  An endoplasm (D:3)
  A giant cockroach (D:1)
  A kobold (D:3)
  2 quokkas
  2 frilled lizards (D:1)
  2 rats (D:3)
  5 plants (D:2)
19 creatures vanquished.

Grand Total: 69 creatures vanquished

Notes
Turn   | Place    | Note
-------+----------+-------------------------------------------
     0 | D:1      | Pin the Hill Orc Fighter began the quest for the Orb.
     0 | D:1      | Reached XP level 1. HP: 19/19 MP: 1/1
   114 | D:1      | Found a faded altar of an unknown god.
   125 | D:1      | Prayed at the altar of an unknown god.
   125 | D:1      | Became a worshipper of Jiyva Jeadyug the Shapeless
   125 | D:1      | Reached * piety under Jiyva
   170 | D:1      | Reached XP level 2. HP: 27/27 MP: 2/2
   422 | D:1      | Reached XP level 3. HP: 30/33 MP: 3/3
   512 | D:1      | Reached ** piety under Jiyva
   969 | D:2      | Found Xaudeich's Assorted Antiques.
  1087 | D:2      | Found Uthif's General Store.
  1147 | D:2      | Found Myawnid's Weapon Shoppe.
  1301 | D:2      | Found Pisegomp's Antique Armour Boutique.
  1332 | D:2      | Found Xeist's General Store.
  1797 | D:3      | Noticed sirJeffrey23's ghost (weakling HOMo)
  1801 | D:3      | Found a runed translucent door.
  1830 | D:3      | Reached XP level 4. HP: 39/40 MP: 4/4
  1951 | D:3      | Killed Natasha
  2002 | D:3      | Reached *** piety under Jiyva
  2024 | D:3      | Killed Jessica
  2089 | D:3      | Noticed Natasha
  2095 | D:3      | Killed Natasha
  2096 | D:3      | Reached XP level 5. HP: 37/47 MP: 5/5
  2110 | D:3      | Gained mutation: Your muscles are strong. (Str +2) [Jiyva's
                  | grace]
  2110 | D:3      | Gained mutation: Your muscles are very strong. (Str +4)
                  | [Jiyva's grace]
  2110 | D:3      | Gained mutation: You are agile. (Dex +2) [Jiyva's grace]
  2110 | D:3      | Gained mutation: You are very agile. (Dex +4) [Jiyva's
                  | grace]
  2165 | D:3      | Noticed Natasha
  2174 | D:3      | Killed Natasha
  2183 | D:3      | Found Luimafihesch's Weapon Shop.
  2475 | D:3      | Slain by sirJeffrey23's ghost

Illustrated notes

Levels and vault maps discovered:
D:1:      wheals_arrival_linesprint, layout_loops_ring,
          nicolae_ecumenical_snake_handling, minmay_box_of_dots
D:2:      layout_loops_corners, serial_shops, nicolae_shop_overgrown_old_shop,
          shop_fountains, shop, nicolae_shop_bloodbath_and_beyond, shop,
          chequers_serial_rivers_room_a
D:3:      layout_basic, serial_shops, nicolae_shop_advertising_works
          [nicolae_subvault_shop_adworks], serial_corexii_hall,
          corexii_hall_statues_l, chequers_hall_statues_y,
          hellmonk_ghost_happy_afterlife, serial_bayou_pond_e, uniq_jessica,
          uniq_natasha

Skill      XL: |  1  2  3  4 |
---------------+-------------+-----
Axes           | 3 4 |  4.2
Fighting       | 4 |  4.7
Shields        | 4 |  4.3
Armour         | 4 |  4.3

Action                   |  1- 3 |  4- 6 || total
-------------------------+-------+-------++-------
Melee: War axe           |    93 |    49 ||   142
Armor: Scale mail        |    50 |    17 ||    67
Dodge: Dodged            |    46 |    21 ||    67
Block: Buckler           |    23 |     7 ||    30

Table legend: (Time is in decaauts)
 A = Elapsed time spent in this place.
 B = Non-inter-level travel time spent in this place.
 C = Inter-level travel time spent in this place.
 D = Time resting spent in this place.
 E = Time spent auto-exploring this place.
 F = Levels seen in this place.
 G = Mean time per level.
                   A        B        C        D        E       F      G
               +--------+--------+--------+--------+--------+-----+--------+
         Total |   2534 |   2433 |    101 |    128 |   1940 |   3 |  844.7 |
       Dungeon |   2534 |   2433 |    101 |    128 |   1940 |   3 |  844.7 |
               +--------+--------+--------+--------+--------+-----+--------+

Top non-repeatable levels by time:
     D:1: 934 daAuts
     D:2: 891 daAuts
     D:3: 707 daAuts
